 Dungeon Crawl Stone Soup version 0.28.0 (webtiles) character file.

Game seed: 2283400478365941559

222 Crownlay the Magician (level 5, -7/33 HPs)
             Began as an Octopode Transmuter on Feb 17, 2022.
             Mangled by an ogre (21 damage)
             ... on level 4 of the Dungeon.
             The game lasted 00:02:48 (4350 turns).

Crownlay the Magician (Octopode Transmuter)         Turns: 4350, Time: 00:02:49

Health: -7/33      AC:  5    Str: 10    XL:     5   Next: 99%
Magic:  10/11      EV: 13    Int: 17    God:
Gold:   134        SH:  0    Dex: 12    Spells: 8/12 levels left

rFire   . . .      SeeInvis .     - Unarmed
rCold   . . .      Faith    .   (no shield)
rNeg    . . .      Spirit   .   (helmet currently unavailable)
rPois   .          Reflect  .   (no amulet)
rElec   .          Harm     .   e - +4 ring of protection
rCorr   .          Rampage  .   (no ring)
Will    .....                   (no ring)
Stlth   ++........              (no ring)
HPRegen 0.11/turn               (no ring)
MPRegen 0.12/turn               (no ring)
                                (no ring)
                                (no ring)

@: appendages
A: tentacle spike 3, almost no armour, amphibious, 8 rings, camouflage 1,
gelatinous body 1, (nimble swimmer 1), tentacles
a: End Transformation


You were on level 4 of the Dungeon.
One of your tentacles had grown a beastly spike.
You visited 1 branch of the dungeon, and saw 4 of its levels.

You collected 134 gold pieces.

Inventory:

Armour
 h - a +0 kite shield
Jewellery
 e - a +4 ring of protection (left tentacle)
Scrolls
 a - a scroll of teleportation {unknown}
 c - 2 scrolls of identify {unknown}
 i - a scroll of holy word {unknown}
 m - 2 scrolls of fog {unknown}
Potions
 b - 3 potions of curing {unknown}
 d - 2 potions of might {unknown}
 f - 2 potions of haste {unknown}
 g - a potion of resistance {unknown}
 j - a potion of degeneration {unknown}
 k - a potion of attraction {unknown}
 l - a potion of brilliance {unknown}


   Skills:
 - Level 1.0 Fighting
 - Level 2.0 Dodging
 + Level 1.8 Shields
 - Level 3.0 Unarmed Combat
 * Level 4.4 Spellcasting
 + Level 3.5 Transmutations


You had 8 spell levels left.
You knew the following spells:

 Your Spells              Type           Power      Damage    Failure   Level
a - Beastly Appendage     Tmut           30%        N/A       3%          1
b - Spider Form           Tmut/Pois      9%         N/A       22%         3

Your spell library contained the following spells:

 Spells                   Type           Power      Damage    Failure   Level
 Wereblood                Tmut           15%        N/A       5%          2
 Ice Form                 Ice/Tmut       9%         N/A       58%         4


Dungeon Overview and Level Annotations

Branches:
Dungeon (4/15)
 Temple: D:4-7

Altars:
Zin

Shops:
D:3 (


Innate Abilities, Weirdness & Mutations

One of your tentacles has grown a beastly spike.
You cannot wear most types of armour.
You are amphibious.
You can wear up to eight rings at the same time.
Your skin changes colour to match your surroundings (Stealth+).
Your rubbery body absorbs attacks. (AC +1, EV +1)
((You are camouflaged when in or above water. (Stealth+)))
You have tentacles for arms and can constrict up to eight enemies at once.


Message History

The gnoll barely misses you.
Items here: )) ††.
You tentacle-slap the gnoll. You grab the gnoll.
You pierce the gnoll.
The gnoll is heavily wounded.
You constrict the gnoll. The gnoll closely misses you.
You completely miss the gnoll.
You pierce the gnoll.
You kill the gnoll!
You tentacle-slap the gnoll. You grab the gnoll.
You pierce the gnoll.
You squeeze the gnoll, but do no damage.
The gnoll is moderately wounded.
You constrict the gnoll.
You tentacle-slap the gnoll but do no damage.
You pierce the gnoll.
The gnoll is almost dead.
You constrict the gnoll.
You kill the gnoll!
No target in view!
No target in view!
No target in view!
No target in view!
Your transformation is almost over.
Your tentacle spike disappears.
Found 2 scrolls labelled KEPEIM NOIDWEU.
Things that are here:
a +0 whip; a +0 spear; a gnoll corpse
m - 2 scrolls labelled KEPEIM NOIDWEU
Found a stone staircase leading down.
An ogre comes into view. It is wielding a +0 giant club.
An ogre is nearby!
An ogre is nearby!
One of your tentacles grows a vicious spike.
You barely miss the ogre.
Your tentacle spike misses the ogre.
The ogre hits you with a +0 giant club!!
Ouch! That really hurt!
You tentacle-slap the ogre.
You pierce the ogre, but do no damage.
You squeeze the ogre!
The ogre is moderately wounded.
The ogre hits you with a +0 giant club!!
Ouch! That really hurt!
You die...

.........# ####.###.#
#.###.########
#............#######
#######.....####.>.....#
.......................#
#######.########.#####.#
#.# #.# #.# #@# #.# #.#
#..O....# #.#####.#
#.##....#####........ #
#.##........####.#
.....#####.## #.# #.# #
#.# ..# #?# #.# #### ...
#.# #.#


You could see an ogre.

Vanquished Creatures
  A phantom (D:4)
  An iguana (D:4)
  4 gnolls (D:4)
  An adder (D:2)
  A worm (D:2)
  4 dart slugs
  2 orcs (D:3)
  5 ball pythons
  5 bats
  3 endoplasms
  3 giant cockroaches
  3 goblins
  5 hobgoblins
  4 jackals (D:1)
  3 frilled lizards
  6 kobolds
  6 rats
57 creatures vanquished.

Notes
Turn   | Place    | Note
-------+----------+-------------------------------------------
     0 | D:1      | Crownlay the Octopode Transmuter began the quest for the
                  | Orb.
     0 | D:1      | Reached XP level 1. HP: 13/13 MP: 3/3
   508 | D:1      | Reached XP level 2. HP: 11/18 MP: 3/5
  1349 | D:1      | Reached XP level 3. HP: 23/23 MP: 7/7
  1505 | D:2      | Reached skill level 3 in Spellcasting
  2601 | D:3      | Reached XP level 4. HP: 28/28 MP: 7/9
  2607 | D:3      | Learned a level 3 spell: Spider Form
  2859 | D:3      | Found Jufebubo's Antique Weapon Emporium.
  3156 | D:3      | Found a glowing silver altar of Zin.
  3783 | D:4      | Noticed a phantom
  3805 | D:4      | Killed a phantom
  3806 | D:4      | Reached skill level 1 in Shields
  3806 | D:4      | Reached skill level 4 in Spellcasting
  3806 | D:4      | Reached XP level 5. HP: 6/33 MP: 9/11
  4347 | D:4      | Noticed an ogre
  4350 | D:4      | Mangled by an ogre

Illustrated notes

Levels and vault maps discovered:
D:1:      dpeg_arrival_orchard, layout_loops_corners,
          minmay_misc_feat_secret_circle, moated_statue
D:2:      layout_basic
D:3:      layout_basic, zin_statuary, serial_shops, nicolae_shop_statue_plus,
          grunt_ministairs_7
D:4:      layout_loops_ring

Skill      XL: |  1  2  3  4 |
---------------+-------------+-----
Spellcasting   | 3 4 |  4.4
Shields        | 1 |  1.8
Transmutations | 3 |  3.5
Fighting       | |  1.0
Dodging        | |  2.0
Unarmed Combat | |  3.0

Action                   |  1- 3 |  4- 6 || total
-------------------------+-------+-------++-------
Melee: Unarmed           |    79 |    73 ||   152
       Kick              |    18 |    20 ||    38
       Constrict         |    19 |    19 ||    38
       Tentacles         |    20 |    18 ||    38
       Punch             |       |     2 ||     2
 Cast: Beastly Appendage |    20 |     8 ||    28
 Stab: Sleeping          |     3 |     4 ||     7
Armor: Skin              |    11 |    18 ||    29
Dodge: Dodged            |    55 |    43 ||    98
